 Dungeon Crawl Stone Soup version 0.21-a0-338-g36cf2fc (webtiles) character file.

1358 tof the Cruncher (level 8, -8/69 HPs)
             Began as a Minotaur Gladiator on Oct 3, 2017.
             Was a Follower of Wu Jian.
             Mangled by Pikel
             ... wielding a +0 whip of electrocution
              (19 damage)
             ... on level 5 of the Dungeon.
             The game lasted 00:13:49 (5357 turns).

tof the Cruncher (Minotaur Gladiator)               Turns: 5357, Time: 00:13:50

Health: -8/69      AC: 11    Str: 18    XL:     8   Next: 37%
Magic:  7/7        EV: 10    Int:  5    God:    Wu Jian [*.....]
Gold:   317        SH:  0    Dex: 15    Spells: 7/7 levels left

rFire    + . .     SeeInvis .   a - +0 quarterstaff
rCold    . . .     Gourm    .   (shield currently unavailable)
rNeg     . . .     Faith    .   z - +1 chain mail {rF+}
rPois    .         Spirit   .   c - +0 hat
rElec    .         Reflect  .   (no cloak)
rCorr    .         Harm     .   (no gloves)
MR       .....                  (no boots)
Stlth    ..........             (no amulet)
HPRegen  0.21/turn              (no ring)
MPRegen  0.10/turn              (no ring)

@: no status effects
A: retaliatory headbutt, horns 2
a: Renounce Religion


You were on level 5 of the Dungeon.
You worshipped Wu Jian.
Wu Jian was aware of your devotion.
You were not hungry.

You visited 1 branch of the dungeon, and saw 6 of its levels.

You collected 317 gold pieces.

Inventory:

Hand Weapons
 a - a +0 quarterstaff (weapon)
 b - a +0 blowgun
Missiles
 d - 3 throwing nets (quivered)
 y - 10 poisoned needles
Armour
 c - a +0 hat (worn)
 z - a +1 chain mail of fire resistance (worn)
Wands
 e - a wand of polymorph (20/24)
 r - a wand of lightning (2/15)
 v - a wand of clouds (4/9)
 w - a wand of paralysis (9/24)
 I - a wand of digging (6/24)
 J - a wand of confusion (15/48)
Scrolls
 i - a scroll of enchant weapon
 l - 4 scrolls of recharging
 o - a scroll of enchant armour
 p - 2 scrolls of blinking
 u - a scroll of remove curse
 x - 2 scrolls of fog
 B - 4 scrolls of teleportation
 E - 2 scrolls of identify
Potions
 h - 4 potions of curing {unknown}
 j - a potion of haste {unknown}
 k - 4 potions of agility {unknown}
 m - a potion of invisibility {unknown}
 n - 3 potions of heal wounds {unknown}
 s - a potion of cancellation {unknown}
 C - a potion of flight {unknown}
 F - a potion of lignification {unknown}
 H - 2 potions of degeneration {unknown}
Books
 t - a book of Conjurations

   Spells                             Type                      Level
   a - Magic Dart                     Conjuration                  1
   b - Searing Ray                    Conjuration                  2
   c - Dazzling Spray                 Conjuration/Hexes            3
   d - Fulminant Prism                Conjuration/Hexes            4
   e - Force Lance                    Conjuration/Translocation    4
   f - Iskenderun's Mystic Blast      Conjuration                  4
 A - a book of Misfortune

   Spells                             Type                      Level
   a - Confusing Touch                Hexes                        1
   b - Confuse                        Hexes                        3
   c - Gell's Gravitas                Translocation                3
   d - Petrify                        Transmutation/Earth          4
   e - Metabolic Englaciation         Hexes/Ice                    5
   f - Yara's Violent Unravelling     Hexes/Transmutation          5
Comestibles
 f - 2 bread rations
 g - 2 royal jellies
 q - 6 meat rations
 D - 3 fruits


   Skills:
 + Level 5.5 Fighting
 * Level 8.3 Staves
 - Level 2.0 Throwing
 + Level 6.5 Armour
 + Level 5.6 Dodging


You had 7 spell levels left.
You didn't know any spells.

Dungeon Overview and Level Annotations

Branches:
Dungeon (6/15)
 Temple: D:4-7

Altars:
Ashenzari
Makhleb
Sif Muna
Uskayaw
Vehumet
Wu Jian
Xom
Zin

Shops:
D:6 ([[:*

Annotations:
D:5 Pikel


Innate Abilities, Weirdness & Mutations

You reflexively headbutt those who attack you in melee.
You have a pair of horns on your head.


Message History

You sock Pikel!
Pikel is severely wounded.
Pikel closely misses you.
You hit Pikel. Your headbutt misses Pikel.
Pikel is almost dead.
You hit Pikel but do no damage. You headbutt Pikel, but do no damage.
Pikel is almost dead.
Pikel barely misses you.
You hit Pikel.
Pikel is almost dead.
Pikel hits you but does no damage.
You are electrocuted!
* * * LOW HITPOINT WARNING * * *
You closely miss Pikel.
Pikel is almost dead.
Pikel says, "Why not give up?
You'll get fed.
Maybe."
Pikel barely misses you.
You closely miss Pikel.
Pikel is almost dead.
Pikel hits you but does no damage.
You are electrocuted!
You die...

.###...# #########......# #.#
.####### #.))))....>..### #.##
..# #.############ #..# ..# #.#
##.# ..# ####.###### #.# ..#
#.........######## #.#
..#####.#..#.##.##.....# #.#
........#..#.##.##.....# ###.#
................@Kp....# #...#
........#........#.....# #.###
..#####.#..#.##..#.....# #.#
..# #.)........####### #.#
..### ####....##.######## #.#
....# #.##.##...>....# #.#
..#.# #.##.##..#####.## #.#
.##.######...............# #.#
....##.....##.##...#..#..####.#


You could see Pikel and a slave.

Vanquished Creatures
  Sigmund (D:5)
  Edmund (D:5)
  A sky beast (D:6)
  A slave (D:6)
  2 phantoms
  2 centaurs
  2 scorpions
  5 crimson imps
  An orc wizard (D:3)
  A hound (D:5)
  2 jellies
  Jessica (D:2)
  Ijyb (D:4)
  An iguana (D:4)
  A worker ant (D:4)
  A hound skeleton (D:4)
  A howler monkey zombie (D:5)
  6 adders
  2 oozes
  3 worms
  A dart slug (D:1)
  3 leopard geckos
  12 orcs
  4 bats
  5 giant cockroaches
  8 hobgoblins
  2 jackals (D:1)
  9 kobolds
  3 quokkas
  2 ball pythons
  3 frilled lizards
  5 goblins
  6 rats
99 creatures vanquished.

Notes
Turn   | Place    | Note
-------+----------+-------------------------------------------
     0 | D:1      | tof the Minotaur Gladiator began the quest for the Orb.
     0 | D:1      | Reached XP level 1. HP: 18/18 MP: 0/0
   189 | D:1      | Reached skill level 1 in Armour
   189 | D:1      | Reached XP level 2. HP: 20/25 MP: 1/1
   264 | D:1      | Reached skill level 4 in Staves
   622 | D:2      | Reached XP level 3. HP: 30/30 MP: 2/2
   742 | D:2      | Noticed Jessica
   746 | D:2      | Killed Jessica
   746 | D:2      | Reached XP level 4. HP: 29/38 MP: 3/3
  1391 | D:3      | Found a shattered altar of Ashenzari.
  1400 | D:3      | Found an ornate altar of the Wu Jian Council.
  1408 | D:3      | Became a worshipper of the Wu Jian Council
  1473 | D:3      | Paralysed by a kobold for 3 turns
  1622 | D:3      | Reached skill level 5 in Staves
  1632 | D:3      | Reached XP level 5. HP: 41/45 MP: 4/4
  1730 | D:3      | HP: 2/45 [poisoned by a kobold]
  2214 | D:3      | Found a shimmering altar of Xom.
  2244 | D:3      | Reached XP level 6. HP: 37/52 MP: 5/5
  2851 | D:4      | Reached * piety under Wu Jian
  2920 | D:4      | Reached skill level 6 in Staves
  3222 | D:4      | Noticed Ijyb
  3239 | D:4      | Killed Ijyb
  3239 | D:4      | Reached XP level 7. HP: 59/59 MP: 6/6
  3273 | D:4      | Found a hide-covered altar of Uskayaw.
  3446 | D:4      | Reached skill level 5 in Armour
  3671 | D:5      | Entered Level 5 of the Dungeon
  3752 | D:5      | Reached skill level 7 in Staves
  3957 | D:5      | Reached skill level 5 in Dodging
  3967 | D:5      | Found a deep blue altar of Sif Muna.
  4061 | D:5      | Got a brightly glowing war axe
  4062 | D:5      | Identified the +8 war axe of Dividends {flame, +Inv +Fly rElec rC-} (You found it on level 5 of the Dungeon)
  4082 | D:5      | Found a burning altar of Makhleb.
  4201 | D:5      | Noticed Edmund
  4223 | D:5      | Killed Edmund
  4223 | D:5      | Reached skill level 5 in Fighting
  4383 | D:5      | Reached XP level 8. HP: 66/68 MP: 7/7
  4696 | D:5      | Found a glowing silver altar of Zin.
  4696 | D:5      | Found a radiant altar of Vehumet.
  4697 | D:5      | Noticed Sigmund
  4724 | D:5      | Killed Sigmund
  4724 | D:5      | Reached skill level 8 in Staves
  4881 | D:6      | Found Zuroleso's Antique Armour Boutique.
  4917 | D:6      | Found Vullocla's Weapon Emporium.
  4921 | D:6      | Found Poero's Antique Armour Shoppe.
  5087 | D:6      | Found Ceprepn's Book Shop.
  5167 | D:6      | Found Lahe's Assorted Antiques.
  5303 | D:6      | Noticed Pikel
  5357 | D:5      | Mangled by Pikel

Vault maps used:
D:1:      minmay_arrival_plants_in_alcoves
D:2:      first_bread, bh_walls_and_bars, uniq_jessica
D:3:      minitemple, led_xom_imps
D:4:      lemuel_coloured_pillars_altar, uniq_ijyb
D:5:      kennysheep_little_box, makhleb_blood_cavern_becter,
          gammafunk_temple_overflow_pools, uniq_sigmund, uniq_edmund
D:6:      regret_index_temple_of_mockery, kennysheep_mini_moat, serial_shops,
          shop, shop, shop, shop, nicolae_shop_overgrown_old_shop, serial_glass,
          glass_columns_b, glass_columns_a, uniq_duvessa, uniq_pikel

Skill      XL: |  1  2  3  4  5  6  7  8 |
---------------+-------------------------+-----
Armour         | 1 2 3 4 6 |  6.5
Staves         | 4 5 6 7 8 |  8.3
Fighting       | 3 4 5 |  5.5
Dodging        | 4 5 |  5.6
Throwing       | |  2.0

Action                   |  1- 3 |  4- 6 |  7- 9 || total
-------------------------+-------+-------+-------++-------
Melee: Quarterstaff      |    40 |   129 |   152 ||   321
       Headbutt          |     5 |    24 |    33 ||    62
       Unarmed           |       |    12 |       ||    12
  Use: Scroll            |       |     3 |     6 ||     9
 Stab: Distracted        |     1 |       |       ||     1
  Eat: Chunk             |       |     3 |     5 ||     8
       Bread ration      |       |     1 |     1 ||     2
Armor: Leather armour    |     2 |       |       ||     2
       Ring mail         |     5 |    32 |       ||    37
       Skin              |       |     1 |       ||     1
       Chain mail        |       |       |    74 ||    74
Dodge: Dodged            |    26 |    74 |    55 ||   155

Table legend:
 A = Spawn XP
 B = Non-spawn XP
 C = Spawn XP percentage of total XP
 D = Spawn monster count
 E = Non-spawn monster count
 F = Spawn count percentage of total count
 G = Total turns spent on level
                    A         B        C        D         E        F      G
               +---------+---------+-------+---------+---------+-------+---------
         Total |       0 |    1941 |   0.0 |       0 |      98 |   0.0 |  5357
               +---------+---------+-------+---------+---------+-------+---------
           D:1 |       0 |      26 |   0.0 |       0 |      14 |   0.0 |   561
           D:2 |       0 |     105 |   0.0 |       0 |      21 |   0.0 |   676
           D:3 |       0 |     337 |   0.0 |       0 |      27 |   0.0 |  1559
           D:4 |       0 |     396 |   0.0 |       0 |      12 |   0.0 |   875
           D:5 |       0 |     875 |   0.0 |       0 |      22 |   0.0 |  1195
           D:6 |       0 |     202 |   0.0 |       0 |       2 |   0.0 |   491
               +---------+---------+-------+---------+---------+-------+---------
